AoeStats
← OneBodyProblem

Arena

503825113Analyzed
2v2 RM · 29d ago on Sep 2, 2026· 70m 28s· 4 players
Game mode
Random Map
Map size
Medium (4 player)
Population
200
Speed
Normal
Resources
Standard
Victory
Conquest
Starting age
Dark Age
Ending age
Imperial Age
RankedLock teamsTeams togetherTeam positionsShared explorationLock speedFull tech treeHidden civsTurbo modeCheats
Victory
Defeat
🇮🇳 Byzantines · India
900
+18
🇩🇪 Teutons · Germany
890
+18
🇪🇸 Persians · Spain
951
-51
🇺🇸 Britons · United States
937
-18
marin.nikolaev9
5:18 Loom
11:40 Feudal Age
13:12 Wheelbarrow
13:39 Horse Collar
13:57 Double-Bit Axe
15:23 Gold Mining
19:40 Castle Age
17:47 Stone Mining
20:49 Hand Cart
22:26 Bow Saw
22:18 Heavy Plow
23:37 Gold Shaft Mining
23:42 Stone Shaft Mining
31:04 Forging
35:03 Imperial Age
33:50 Scale Barding Armor
36:43 Husbandry
36:55 Bloodlines
37:00 Heavy Camel Rider
38:39 Onager
42:01 Capped Ram
43:55 Light Cavalry
45:04 Hussar
49:51 Ballistics
50:02 Chain Barding Armor
54:38 Caravan
58:49 Scale Mail Armor
OneBodyProblem
10:31 Feudal Age
14:06 Castle Age
12:35 Double-Bit Axe
12:46 Horse Collar
16:09 Bow Saw
19:07 Loom
19:20 Town Watch
23:17 Wheelbarrow
23:51 Fletching
24:02 Padded Archer Armor
25:47 Bodkin Arrow
27:38 Heavy Plow
31:13 Imperial Age
30:14 Ballistics
30:17 Leather Archer Armor
30:05 Gold Mining
30:34 Hand Cart
30:19 Town Patrol
33:17 Yeomen
33:23 Fortified Wall
34:16 Chemistry
33:28 Fortified Wall
33:26 Bracer
34:39 Elite Longbowman
36:41 Conscription
47:02 Ring Archer Armor
MiepMoep
12:44 Feudal Age
13:27 Double-Bit Axe
13:24 Horse Collar
13:32 Arson
13:23 Man-at-Arms
18:30 Forging
18:23 Padded Archer Armor
21:57 Gold Mining
22:28 Scale Barding Armor
28:10 Castle Age
28:16 Long Swordsman
29:00 Squires
30:10 Iron Casting
32:21 Leather Archer Armor
34:08 Heavy Plow
34:35 Bow Saw
36:25 Wheelbarrow
35:35 Town Watch
39:47 Chain Barding Armor
39:59 Stone Mining
49:17 Imperial Age
49:27 Two-Handed Swordsman
51:13 Ballistics
51:03 Fortified Wall
50:41 Arrowslits
50:22 Champion
52:06 Blast Furnace
51:09 Scale Mail Armor
51:44 Plate Barding Armor
51:01 Fletching
51:46 Crop Rotation
51:37 Bloodlines
52:41 Conscription
52:10 Cavalier
53:04 Pikeman
57:13 Onager
59:07 Crenellations
59:09 Bodkin Arrow
67:01 Ring Archer Armor
vtarchitect1668
3:16 Loom
10:41 Feudal Age
11:58 Wheelbarrow
11:09 Double-Bit Axe
11:05 Horse Collar
17:09 Castle Age
18:17 Bow Saw
23:03 Heavy Plow
22:56 Gold Mining
24:46 Hand Cart
28:58 Imperial Age
27:05 Murder Holes
27:02 Fletching
28:09 Stone Mining
30:12 Padded Archer Armor
29:35 Crossbowman
31:11 Arbalester
32:14 Ballistics
32:54 Chemistry
32:24 Bodkin Arrow
32:44 Leather Archer Armor
33:06 Thumb Ring
33:00 Pikeman
33:41 Squires
33:18 Elite Skirmisher
34:52 Treadmill Crane
35:16 Bracer
35:47 Ring Archer Armor
41:19 Halberdier
41:59 Elite Cataphract
49:31 Scale Barding Armor
49:26 Scale Mail Armor
49:37 Forging
51:39 Chain Barding Armor
51:34 Chain Mail Armor
56:19 Plate Mail Armor
56:24 Iron Casting
59:00 Cavalier
59:40 Husbandry
60:48 Paladin
Connection lost

Rejoining the realm…

Still unreachable

The connection could not be restored.

Session expired

The server has moved on; the page needs a fresh start.